Map: [G8] Ancient Cistern

Players

Reynor - Winner!

  • Race: Zerg Zerg
  • Spawn Location: 1:00

Clem

  • Race: Terran Terran
  • Spawn Location: 7:00

Event: Gamers8 2023

VOD

Have the link to the VOD?

Description

Time

  • Played on: Aug. 6, 2023, 12:09 p.m.
  • Length: 18:43

All games in this series

Show
View Real Time Build Order
Export as new Build Order

Reynor Zerg - Winner!

Build Orders: Hatch First, Lurkers 

Get SALT Encoding   

  12  0:00  Drone  
  13  0:11  Overlord  
  13  0:16  Drone  
  14  0:30  Drone x2  
  16  0:47  Hatchery  
  15  0:50  Drone  
  15  0:54  Drone  
  17  0:57  Drone  
  18  1:08  Extractor  
  17  1:12  Spawning Pool  
  17  1:16  Drone  
  17  1:19  Drone  
  18  1:27  Drone  
  19  1:38  Drone  
  20  1:48  Overlord  
  20  1:59  Queen x2, Zergling x4  
  26  2:09  Drone  
  26  2:10  Drone  
  26  2:12  Metabolic Boost  
  28  2:20  Drone  
  28  2:21  Drone  
  30  2:33  Hatchery  
  30  2:35  Drone  
  30  2:37  Drone  
  31  2:46  Overlord  
  31  2:48  Drone  
  31  2:50  Queen  
  34  2:53  Drone  
  34  2:55  Drone  
  36  3:04  Queen, Drone  
  39  3:06  Drone  
  39  3:10  Overlord  
  39  3:11  Drone  
  41  3:13  Drone  
  41  3:16  Drone  
  43  3:21  Drone  
  44  3:27  Overlord  
  44  3:31  Zergling x2  
  45  3:35  Queen  
  45  3:36  Drone  
  45  3:41  Queen, Drone  
  49  3:46  Drone x2  
  53  3:51  Zergling x2  
  53  3:57  Drone x2  
  53  3:58  Queen  
  56  4:03  Drone  
  56  4:06  Overlord  
  56  4:07  Zergling x8  
  61  4:10  Queen  
  61  4:14  Drone x3  
  61  4:16  Overlord  
  66  4:21  Overlord  
  66  4:24  Queen  
  66  4:25  Drone x2  
  66  4:29  Drone  
  71  4:35  Queen, Drone x2  
  71  4:38  Drone x3  
  77  4:41  Drone  
  77  4:44  Overlord  
  79  4:48  Drone x2, Lair  
  79  4:49  Spore Crawler  
  79  4:52  Spore Crawler  
  79  4:54  Spore Crawler, Drone  
  79  4:56  Drone x2  
  81  5:01  Drone x2  
  81  5:03  Extractor, Zergling x6  
  85  5:08  Drone x3  
  85  5:09  Overlord  
  85  5:11  Drone  
  89  5:18  Drone  
  89  5:21  Drone  
  91  5:23  Overlord  
  91  5:25  Drone x2  
  91  5:28  Baneling Nest, Drone x2  
  94  5:29  Hatchery  
  94  5:35  Drone x3  
  96  5:37  Evolution Chamber  
  96  5:38  Evolution Chamber, Drone x3  
  97  5:43  Zergling x2  
  96  5:50  Overlord  
  96  5:53  Zergling x6  
  96  5:54  Zergling x2  
  97  5:58  Extractor  
  97  5:59  Extractor  
  97  6:00  Overlord, Drone  
  97  6:01  Extractor  
  95  6:06  Zerg Ground Armor Level 1, Zerg Melee Weapons Level 1  
  95  6:07  Overlord  
  95  6:13  Queen, Zergling x12  
  95  6:16  Zergling x4  
  105  6:22  Zergling x2  
  106  6:26  Centrifugal Hooks, Zergling x8  
  106  6:31  Zergling x4  
  111  6:35  Zergling x4  
  111  6:36  Zergling x4  
  111  6:39  Zergling x6  
  114  6:41  Drone x2  
  114  6:46  Queen  
  116  6:48  Baneling  
  116  6:49  Baneling x5  
  116  6:50  Hatchery, Baneling x4  
  116  6:51  Drone x2  
  116  6:52  Drone x2  
  119  6:57  Overlord  
  119  6:58  Baneling x6  
  119  6:59  Zergling x6  
  119  7:01  Drone  
  123  7:03  Drone x2  
  123  7:05  Zergling x6  
  123  7:07  Overlord  
  128  7:14  Overlord  
  128  7:18  Drone x4  
  128  7:20  Zergling x4  
  132  7:28  Zergling x12  
  134  7:33  Drone x2  
  134  7:35  Drone x2  
  132  7:37  Drone  
  132  7:40  Drone  
  132  7:42  Overseer, Spore Crawler, Drone  
  126  7:46  Drone  
  126  7:47  Drone  
  126  7:50  Drone  
  126  7:51  Drone  
  126  7:55  Extractor  
  126  7:56  Hydralisk Den  
  123  7:58  Drone x2  
  123  8:01  Drone  
  123  8:02  Zerg Melee Weapons Level 2, Zerg Ground Armor Level 2  
  123  8:03  Drone  
  127  8:07  Drone  
  127  8:10  Drone x3  
  127  8:11  Drone  
  117  8:14  Drone x2  
  117  8:15  Drone x3  
  117  8:16  Drone  
  117  8:17  Drone x2  
  125  8:21  Drone  
  125  8:23  Drone x2  
  125  8:25  Muscular Augments  
  128  8:30  Drone x4  
  128  8:33  Infestation Pit  
  131  8:36  Burrow, Zergling x6  
  131  8:39  Zergling x2  
  135  8:42  Baneling x8  
  135  8:45  Zergling x4  
  135  8:47  Drone x2  
  135  8:48  Drone x2  
  138  8:50  Overlord  
  138  8:51  Zergling x4  
  140  8:58  Drone x2  
  140  8:59  Overlord  
  140  9:01  Hydralisk x3  
  140  9:02  Zergling x2  
  146  9:13  Zergling x8, Hydralisk  
  146  9:15  Overlord  
  151  9:17  Overseer  
  151  9:22  Hydralisk x2  
  151  9:23  Hatchery, Hydralisk  
  156  9:24  Overlord  
  156  9:27  Lurker Den  
  156  9:28  Pneumatized Carapace  
  156  9:30  Zergling x2, Hydralisk  
  156  9:31  Zergling x4  
  160  9:32  Overlord  
  160  9:36  Overlord  
  160  9:39  Overlord  
  160  9:41  Zergling x10  
  160  9:48  Hive  
  160  9:49  Hydralisk  
  160  9:50  Zergling x4  
  164  9:55  Zergling x2, Hydralisk  
  164  9:56  Zergling x4  
  163  10:00  Zergling x18  
  163  10:01  Queen  
  163  10:06  Zergling x2  
  163  10:07  Extractor x2, Zergling x4  
  176  10:10  Zergling x2  
  173  10:15  Zergling x6  
  173  10:18  Zerg Missile Weapons Level 1  
  176  10:22  Zergling x2  
  176  10:23  Drone  
  176  10:24  Drone x3  
  176  10:25  Drone x4  
  176  10:27  Zergling x8  
  189  10:32  Baneling x15  
  189  10:34  Zergling x2  
  190  10:38  Baneling x4  
  190  10:41  Baneling x2  
  190  10:45  Zergling x10  
  190  10:49  Hatchery  
  194  10:51  Overlord x3  
  194  10:55  Hatchery  
  193  10:57  Overlord  
  192  11:07  Drone x6  
  192  11:09  Drone x5  
  192  11:10  Seismic Spines  
  187  11:15  Zergling x2  
  187  11:17  Lurker  
  188  11:18  Lurker  
  188  11:20  Lurker  
  188  11:21  Baneling x12, Zergling x2  
  188  11:22  Zergling x6, Drone x3  
  188  11:25  Zergling x4  
  199  11:30  Overlord  
  199  11:32  Overseer  
  198  11:42  Zergling x2  
  198  11:43  Zergling x12  
  198  11:45  Overlord  
  198  11:46  Zergling x2  
  197  11:50  Zergling x2  
  197  11:51  Zergling x2  
  189  12:02  Zergling x18  
  189  12:08  Adaptive Talons  
  198  12:11  Hydralisk  
  198  12:12  Zergling x2  
  196  12:16  Zergling x4  
  199  12:23  Baneling x14  
  199  12:28  Zergling x6  
  196  12:32  Overlord  
  196  12:33  Overlord  
  196  12:35  Zergling x18  
  196  12:36  Zergling x4  
  198  12:45  Zergling x4  
  198  12:48  Hydralisk  
  198  12:49  Zergling x6  
  198  12:53  Hydralisk  
  198  12:54  Zergling x2  
  197  12:58  Zergling x6  
  196  13:07  Zergling x8  
  196  13:08  Zergling x4  
  196  13:10  Zergling x2  
  196  13:12  Zerg Ground Armor Level 3, Zerg Missile Weapons Level 2  
  185  13:17  Hydralisk  
  182  13:22  Zergling x10  
  182  13:23  Hydralisk  
  182  13:26  Adrenal Glands  
  186  13:28  Baneling x10  
  186  13:29  Hatchery  
  186  13:30  Lurker x5  
  186  13:32  Lurker  
  186  13:33  Zergling x16  
  198  13:50  Zergling x2  
  198  13:51  Zergling x2  
  198  14:01  Zergling x6  
  198  14:02  Zergling x2  
  197  14:06  Lurker  
  197  14:08  Baneling x14  
  197  14:09  Zergling x24  
  198  14:10  Zergling x10  
  198  14:16  Zergling x2  
  199  14:19  Queen  
  199  14:21  Overlord  
  199  14:23  Zergling x18  
  200  14:29  Hydralisk  
  200  14:30  Hydralisk x2  
  191  14:32  Zergling x6  
  191  14:33  Hydralisk  
  191  14:34  Zergling x2  
  184  14:40  Hydralisk  
  184  14:41  Hydralisk x2  
  184  14:42  Hydralisk  
  184  14:44  Hatchery  
  179  14:46  Hydralisk  
  179  14:51  Hydralisk  
  183  14:53  Hydralisk x3  
  183  14:54  Queen, Hydralisk  
  183  14:56  Baneling x9  
  183  14:57  Baneling x12  
  183  14:58  Baneling x2  
  190  15:01  Zergling x6  
  190  15:03  Zergling x6  
  193  15:07  Zergling x4  
  193  15:13  Zergling x2  
  193  15:15  Grooved Spines  
  193  15:16  Zergling x2, Hydralisk x2  
  193  15:19  Zergling x2  
  193  15:20  Hatchery  
  190  15:25  Overseer, Zergling x8  
  179  15:31  Zergling x2, Hydralisk  
  179  15:32  Zergling x8  
  179  15:34  Hydralisk x2  
  179  15:35  Zergling x2  
  185  15:40  Hydralisk  
  174  15:43  Hydralisk  
  174  15:45  Zergling x4  
  174  15:46  Zergling x2  
  174  15:50  Drone  
  174  15:53  Zergling x2  
  174  15:54  Baneling x3  
  174  15:56  Lurker x5  
  180  15:58  Zergling x20  
  180  16:00  Extractor, Queen  
  190  16:08  Zergling x12  
  196  16:15  Zergling x8  
  195  16:29  Zergling x14  
  195  16:32  Zergling x2  
  200  16:35  Zergling x8  
  195  16:44  Zergling x34  
  196  16:49  Zergling x6, Baneling x2  
  196  16:51  Baneling  
  196  16:52  Baneling x25  
  199  17:08  Hatchery  
  195  17:10  Zergling x8  
  199  17:19  Hydralisk  
  199  17:20  Zergling x14  
  194  17:24  Zergling x24  
  194  17:26  Baneling x2, Zergling x2, Hydralisk  
  194  17:27  Zergling x2  
  194  17:28  Hydralisk  
  194  17:29  Zergling x6  
  188  17:33  Zergling x18  
  189  17:41  Zergling x6  
  192  17:46  Lurker x7  
  197  18:02  Zergling x16  
  197  18:03  Zergling x2  
  192  18:12  Zergling x36  
  200  18:15  Hydralisk  
  200  18:16  Zergling x2  
  199  18:20  Zergling x6  
  199  18:22  Overlord  
Show
View Real Time Build Order
Export as new Build Order

Clem Terran 

Build Orders: Reaper Expand 

Get SALT Encoding   

  12  0:00  SCV  
  13  0:12  SCV  
  14  0:16  Supply Depot  
  14  0:24  SCV  
  15  0:38  SCV  
  15  0:39  Barracks  
  16  0:42  Refinery  
  16  0:50  SCV  
  17  1:02  SCV  
  18  1:14  SCV  
  19  1:26  Orbital Command, Reaper  
  20  1:38  Command Center  
  20  1:46  Supply Depot  
  20  1:52  SCV  
  21  1:58  Marine  
  22  2:04  SCV  
  23  2:10  Factory  
  23  2:16  SCV  
  23  2:20  Barracks Reactor  
  24  2:28  SCV  
  25  2:38  Command Center  
  25  2:40  SCV  
  26  2:51  Orbital Command  
  26  2:52  SCV  
  27  2:59  Barracks  
  27  3:04  SCV  
  28  3:07  Barracks Tech Lab  
  28  3:08  Hellion  
  28  3:12  Hellion  
  32  3:17  SCV  
  32  3:18  SCV  
  34  3:22  Refinery  
  34  3:26  Marine  
  30  3:27  Stimpack  
  35  3:29  SCV  
  35  3:30  SCV  
  37  3:41  SCV  
  37  3:42  SCV  
  37  3:44  Starport  
  37  3:47  Marine  
  40  3:53  SCV  
  40  3:54  SCV  
  40  3:56  Orbital Command  
  40  3:58  Marine x2  
  40  3:59  Factory Reactor  
  41  4:05  Marine  
  41  4:06  SCV  
  41  4:07  SCV  
  41  4:09  Refinery  
  44  4:16  Marine x2  
  46  4:18  SCV, Supply Depot  
  46  4:19  SCV  
  46  4:22  Marine, SCV  
  50  4:30  SCV  
  50  4:31  SCV  
  52  4:34  Marine x2, SCV  
  55  4:39  Medivac x2  
  55  4:40  Marine  
  55  4:42  SCV  
  55  4:44  SCV, Supply Depot  
  55  4:45  Refinery  
  62  4:46  SCV  
  62  4:51  Factory Reactor  
  62  4:52  Marine  
  64  4:54  Marine, SCV  
  64  4:56  SCV  
  67  5:00  Factory, SCV  
  67  5:02  Marine  
  67  5:06  SCV  
  70  5:07  Armory, Supply Depot  
  70  5:08  SCV  
  70  5:12  Marine x2  
  73  5:16  Orbital Command  
  73  5:18  SCV  
  73  5:20  Marine, SCV  
  76  5:23  Combat Shield  
  76  5:29  Marine  
  76  5:30  SCV, Supply Depot  
  76  5:31  Marine, Widow Mine x2  
  76  5:32  SCV  
  76  5:35  Supply Depot  
  84  5:37  Marine  
  85  5:45  Factory Tech Lab  
  85  5:48  SCV  
  85  5:49  SCV  
  85  5:50  SCV  
  85  5:51  Medivac x2  
  85  5:55  Marine x2  
  85  5:56  Widow Mine  
  94  5:57  Widow Mine  
  94  6:00  Marine, SCV, Supply Depot  
  94  6:01  SCV  
  94  6:03  Drilling Claws  
  97  6:06  Widow Mine, SCV  
  97  6:08  Supply Depot  
  100  6:11  Engineering Bay  
  100  6:12  Engineering Bay  
  100  6:13  SCV  
  100  6:15  Barracks  
  101  6:22  Marine, Widow Mine x2, SCV, Supply Depot  
  101  6:25  SCV x2, Supply Depot  
  109  6:29  Medivac, Marine  
  109  6:30  Marine  
  112  6:35  SCV  
  112  6:37  SCV  
  112  6:38  SCV  
  112  6:39  Marine  
  108  6:41  Widow Mine  
  110  6:47  Marine, SCV  
  110  6:48  Supply Depot  
  110  6:49  SCV  
  110  6:50  Widow Mine x2  
  110  6:52  SCV  
  118  6:54  Medivac  
  118  6:56  Marine  
  118  6:58  Terran Infantry Weapons Level 1  
  118  7:01  SCV x2  
  122  7:02  Widow Mine  
  122  7:05  Medivac  
  122  7:07  Terran Infantry Armor Level 1, Supply Depot  
  122  7:08  SCV  
  128  7:15  Marine  
  129  7:17  Marine  
  129  7:18  Barracks Reactor  
  129  7:20  SCV  
  124  7:24  Medivac  
  124  7:29  Widow Mine  
  126  7:30  Marine, SCV  
  126  7:33  Marine  
  126  7:35  Marine  
  126  7:36  Widow Mine, SCV  
  133  7:38  SCV  
  133  7:39  Widow Mine  
  133  7:40  Command Center  
  130  7:48  Medivac, Marine  
  130  7:50  Marine, SCV  
  126  7:51  SCV x2  
  126  7:53  Marine, Widow Mine  
  126  7:54  Medivac, Supply Depot  
  126  7:58  Barracks  
  130  8:01  Barracks  
  130  8:03  Widow Mine  
  130  8:05  Marine, SCV  
  134  8:08  Marine, SCV  
  134  8:10  Widow Mine  
  132  8:14  Sensor Tower  
  132  8:18  Widow Mine  
  132  8:19  Marine x2  
  131  8:20  SCV  
  131  8:24  Widow Mine  
  131  8:25  Refinery  
  135  8:29  Marine x3  
  135  8:30  Supply Depot  
  135  8:31  Widow Mine  
  135  8:34  Terran Vehicle And Ship Armor Level 1  
  140  8:39  Hellion  
  142  8:42  Barracks  
  142  8:43  Barracks  
  142  8:44  Medivac, Barracks  
  142  8:45  Widow Mine  
  142  8:46  Marine x2  
  142  8:48  Marine  
  143  8:50  Barracks Reactor, Barracks Tech Lab  
  143  8:53  Widow Mine  
  143  8:57  Terran Infantry Weapons Level 2  
  143  8:59  SCV x3  
  143  9:00  Marine  
  145  9:03  Widow Mine  
  145  9:07  Widow Mine  
  149  9:11  SCV x2  
  149  9:14  Widow Mine  
  151  9:18  Medivac  
  151  9:19  Marine x3  
  151  9:20  Marine, SCV  
  151  9:23  SCV  
  159  9:24  Sensor Tower, Widow Mine  
  159  9:26  Medivac  
  159  9:27  Marine  
  159  9:28  Widow Mine  
  164  9:34  Refinery, SCV  
  164  9:36  Planetary Fortress  
  164  9:37  Marine, SCV  
  163  9:40  Widow Mine, SCV  
  163  9:43  Barracks Reactor  
  163  9:44  Marauder, Marine x2  
  170  9:46  SCV  
  171  9:53  Marine x4, Widow Mine  
  171  9:54  Marine  
  171  9:55  Marine x2, SCV  
  171  9:59  Medivac  
  175  10:02  Marine x2  
  175  10:05  Medivac, Marine  
  180  10:11  Marine  
  180  10:13  Command Center, Marine x2  
  180  10:14  Widow Mine  
  175  10:17  Widow Mine x2  
  179  10:22  Marine  
  180  10:28  Command Center  
  180  10:30  Barracks Reactor, Barracks Tech Lab  
  180  10:31  Concussive Shells  
  180  10:32  Barracks Tech Lab  
  180  10:43  Supply Depot  
  180  10:44  Supply Depot  
  180  10:45  Marine  
  180  10:46  Marine  
  180  10:48  Marine  
  180  10:49  Marine x2  
  179  10:52  Marauder  
  179  10:56  Widow Mine  
  180  10:59  Marauder  
  180  11:04  Marauder, Marine x2, Widow Mine x2  
  180  11:05  Medivac x2  
  180  11:06  Marauder  
  194  11:13  Marauder  
  194  11:16  Ghost Academy  
  194  11:17  Widow Mine  
  194  11:18  Marine x2  
  192  11:21  Marauder  
  192  11:22  SCV x2  
  192  11:25  Command Center  
  196  11:26  Marauder, Widow Mine  
  200  11:38  Sensor Tower  
  198  11:51  Orbital Command  
  198  11:52  Marauder  
  200  11:54  Command Center  
  200  11:58  Ghost  
  200  11:59  Ghost x2  
  196  12:03  Planetary Fortress  
  196  12:13  Ghost, Missile Turret  
  196  12:14  Marine, Widow Mine, Command Center  
  194  12:16  Widow Mine, Refinery  
  194  12:17  Refinery  
  194  12:21  SCV x2  
  198  12:24  Command Center, SCV  
  198  12:27  Ghost x2, SCV  
  198  12:29  Widow Mine, Ghost  
  200  12:42  Orbital Command  
  192  12:45  Widow Mine  
  190  12:53  Ghost  
  190  12:57  Ghost  
  179  13:01  Widow Mine, Ghost  
  180  13:08  Widow Mine  
  180  13:09  Marine  
  180  13:11  Widow Mine  
  175  13:14  Ghost  
  175  13:15  SCV  
  173  13:26  Liberator x2  
  173  13:27  Marine, Widow Mine  
  180  13:28  Marauder x2, Marine x6  
  180  13:29  Marine, Widow Mine  
  180  13:30  Marauder  
  196  13:42  Widow Mine  
  196  13:43  Marauder  
  196  13:46  Personal Cloaking  
  198  13:49  Marauder  
  198  13:52  Missile Turret  
  198  13:53  Sensor Tower  
  200  14:02  Marine  
  195  14:04  Marine  
  195  14:05  Marine x2, Widow Mine  
  195  14:06  Marine  
  195  14:08  Medivac  
  195  14:09  Widow Mine  
  195  14:11  Liberator  
  195  14:15  Ghost  
  198  14:22  SCV  
  198  14:23  SCV  
  194  14:24  SCV x2  
  194  14:26  SCV  
  194  14:30  Ghost x2  
  194  14:31  Widow Mine  
  191  14:32  Marine, SCV  
  191  14:34  Widow Mine  
  191  14:36  Marine, SCV  
  191  14:37  SCV  
  191  14:39  SCV  
  191  14:42  Marine  
  191  14:43  Marauder  
  191  14:44  Marine x2, Widow Mine  
  191  14:45  Marauder, Liberator, Marine  
  191  14:46  Marine x2  
  191  14:48  SCV  
  191  14:50  SCV  
  191  14:51  SCV  
  196  14:54  Liberator  
  196  14:57  SCV  
  196  14:59  SCV  
  200  15:04  Marauder  
  200  15:05  Missile Turret  
  200  15:07  Refinery  
  198  15:18  Widow Mine  
  197  15:25  Widow Mine  
  180  15:28  Ghost  
  180  15:32  Marine  
  180  15:34  SCV x2  
  175  15:37  Planetary Fortress, Widow Mine  
  175  15:38  Marine  
  160  15:44  Marine x3, SCV x2  
  160  15:45  Marine x2  
  160  15:46  Marauder x3  
  160  15:47  Widow Mine x2  
  160  15:48  SCV  
  160  15:49  SCV  
  179  15:51  Liberator, SCV  
  179  15:52  Marine, SCV  
  185  15:58  Widow Mine  
  185  16:01  Liberator  
  190  16:05  Sensor Tower  
  190  16:07  Marauder x2  
  190  16:08  Widow Mine  
  194  16:13  Marauder x2  
  194  16:18  Terran Infantry Armor Level 2  
  193  16:21  SCV  
  193  16:25  Refinery x2  
  192  16:30  Marauder  
  186  16:34  Marine  
  165  16:40  Ghost  
  165  16:41  Marine x2  
  165  16:42  Widow Mine  
  165  16:45  Ghost  
  165  16:46  Marine  
  152  16:47  Marauder  
  152  16:53  Widow Mine, Ghost  
  156  17:03  Widow Mine  
  156  17:07  Ghost  
  159  17:12  SCV  
  159  17:14  Planetary Fortress  
  160  17:22  Marine, Widow Mine  
  154  17:24  Marine x3, SCV  
  154  17:27  SCV x2  
  154  17:28  Marine  
  145  17:30  SCV  
  145  17:31  Marine  
  145  17:33  SCV, Orbital Command  
  145  17:36  SCV  
  139  17:39  Medivac  
  139  17:40  Marine, Widow Mine  
  139  17:42  SCV  
  145  17:46  Marine x2  
  145  17:47  SCV  
  145  17:49  SCV  
  145  17:50  Marine  
  150  17:54  Ghost  
  150  17:55  Marine  
  150  17:56  Marine  
  152  17:58  Marine  
  152  18:04  Marine x3, Widow Mine  
  152  18:06  Marine  
  152  18:11  Marauder, Marine x2  
  138  18:15  Widow Mine  
  138  18:17  Widow Mine  
Tags
 
Add a new tag
Caveats
  • Supply blocks, unpowered buildings, or Contaminate may cause inaccurate times.
  • Supply counts are checked every 10 seconds.